 Dungeon Crawl Stone Soup version 0.29.1-2-gbd0b4ee654 (webtiles) character file.

Game seed: 493876764931643461

51 Prokkis the Chopper (level 3, -4/31 HPs)
             Began as a Palentonga Fighter on Nov 13, 2022.
             Was an Initiate of Yredelemnul.
             Slain by an ogre
             ... wielding a +0 giant spiked club
              (10 damage)
             ... on level 3 of the Dungeon.
             The game lasted 00:07:48 (1975 turns).

Prokkis the Chopper (Palentonga Fighter)            Turns: 1975, Time: 00:07:48

Health: -4/31      AC: 10    Str: 21    XL:     3   Next: 58%
Magic:  3/3        EV:  7    Int: 10    God:    Yredelemnul [......]
Gold:   94         SH:  4    Dex:  9    Spells: 2/2 levels left

rFire   . . .      SeeInvis +   a - +0 war axe
rCold   . . .      Faith    .   c - +0 buckler
rNeg    . . .      Spirit   .   b - +0 scale mail
rPois   .          Reflect  .   h - +0 helmet
rElec   .          Harm     .   n - +2 cloak {rCorr}
rCorr   +          Rampage  .   (no gloves)
Will    .....                   (no barding)
Stlth   ..........              e - amulet of magic regeneration
HPRegen 0.10/turn               (no ring)
MPRegen 0.48/turn               (no ring)

@: no status effects
A: large, rugged brown scales 3, see invisible, deformed body, roll 1, armoured
tail
a: Rolling Charge, Renounce Religion, Recall Undead Harvest


You were on level 3 of the Dungeon.
You worshipped Yredelemnul.
Yredelemnul was noncommittal.
You visited 1 branch of the dungeon, and saw 3 of its levels.

You collected 94 gold pieces.

Inventory:

Hand Weapons
 a - a +0 war axe (weapon)
Missiles
 i - 10 stones
 j - 2 poisoned darts
Armour
 b - a +0 scale mail (worn)
 c - a +0 buckler (worn)
 h - a +0 helmet (worn)
 n - a +2 cloak of preservation (worn)
Jewellery
 e - an amulet of magic regeneration (around neck)
 m - a ring of wizardry
Scrolls
 f - 3 scrolls of poison {unknown}
 k - a scroll of identify {unknown}
 l - a scroll of fog {unknown}
 o - a scroll of amnesia {unknown}
Potions
 d - a potion of might
 g - 2 potions of flight {unknown}


   Skills:
 - Level 3.2 Fighting
 + Level 3.3 Axes
 - Level 2.6 Armour
 - Level 2.9 Shields


You had 2 spell levels left.
You didn't know any spells.
Your spell library was empty.

Dungeon Overview and Level Annotations

Branches:
Dungeon (3/15)

Altars:
Yredelemnul


Innate Abilities, Weirdness & Mutations

You are completely covered in rugged brown scales. (AC +3, +7% HP)
You have supernaturally acute eyesight. (SInv)
Armour fits poorly on your strangely shaped body.
You can roll at nearby foes to attack.
You have a long armoured tail.


Message History

Your ball python zombie grabs the rat.
Your ball python zombie constricts the rat.
You slash the rat!
You kill the rat!
The dead are walking!
You swap places.
Your rat zombie barely misses the rat.
You closely miss the rat. The rat barely misses you.
Your rat zombie bites the rat but does no damage.
The rat bites you but does no damage.
You hit the rat.
You kill the rat!
An ogre comes into view. It is wielding a +0 giant spiked club.
The ogre shouts!
Roll where?
Press: ? - help, Q - select action, (/) - cycle Dir - move target, f - ogre
Aim: an ogre, wielding a +0 giant spiked club (ally target)
You roll forward with a clatter of scales!
You barely miss the ogre.
You tail-slap the ogre, but do no damage.
The ogre hits you with a +0 giant spiked club!
You swap places.
The ogre hits your rat zombie with a +0 giant spiked club!!
Your rat zombie is destroyed!
Your ball python zombie bites the ogre.
The ogre barely misses you.
You hit the ogre.
The ogre is lightly wounded.
Your ball python zombie bites the ogre.
The ogre hits you with a +0 giant spiked club!
Ouch! That really hurt!
* * * LOW HITPOINT WARNING * * *
Your ball python zombie barely misses the ogre.
Your ball python zombie bites the ogre.
Your ball python zombie bites the ogre.
Your worm zombie bites the ogre.
The ogre attacks as you move away! The ogre barely misses you.
The ogre attacks as you move away!
The ogre hits you with a +0 giant spiked club!
You die...
Your body rises from the dead as a mindless zombie.

#........##.###### #.##.###
#........##.# ######....#
##.......#♣.
####......######
........##.##......Z........
###.#.#...##....####.
.#................##
....##......).###.##.
.......^)Z....##....>
###.........@O.......[.#..#
.........########..##.#....
...... #########.##......
#.... #.............# ##
#...# #.#######..####
#...#####.# ##.# #...##....#
... #......#### ...#
#...#### ...#


You could see an ogre (ally target) and a friendly ball python zombie.

Vanquished Creatures
  An adder (D:2)
  A worm (D:3)
  2 dart slugs
  4 ball pythons
  2 endoplasms (D:1)
  A giant cockroach (D:1)
  2 hobgoblins
  4 jackals (D:1)
  A quokka (D:1)
  4 bats
  3 goblins
  3 kobolds
  8 rats
36 creatures vanquished.

Vanquished Creatures (others)
  A goblin zombie (D:2)
  A rat zombie (D:3)
2 creatures vanquished.

Grand Total: 38 creatures vanquished

Notes
Turn   | Place    | Note
-------+----------+-------------------------------------------
     0 | D:1      | Prokkis the Palentonga Fighter began the quest for the Orb.
     0 | D:1      | Reached XP level 1. HP: 19/19 MP: 1/1
    88 | D:1      | Reached XP level 2. HP: 7/25 MP: 2/2
   903 | D:1      | Found a faded altar of an unknown god.
   915 | D:1      | Prayed at the altar of an unknown god.
   915 | D:1      | Became a worshipper of Yredelemnul the Dark
   915 | D:1      | Reached * piety under Yredelemnul
  1035 | D:1      | Reached XP level 3. HP: 31/31 MP: 3/3
  1941 | D:3      | Noticed an ogre
  1975 | D:3      | Slain by an ogre

Illustrated notes

Levels and vault maps discovered:
D:1:      kennysheep_arrival_forest, layout_loops_ring,
          shapermc_ecumenical_altar_mp_highgroup
D:2:      layout_basic
D:3:      layout_rooms, mainiacjoe_overflow_surrounded_room,
          amcnicky_mini_corridor_feature, uniq_ijyb, uniq_grinder

Skill      XL: |  1  2  3 |
---------------+----------+-----
Axes           | 3 |  3.3
Fighting       | |  3.2
Armour         | |  2.6
Shields        | |  2.9

Action                   || total
-------------------------++-------
Melee: War axe           ||    98
       Tailslap          ||     9
 Abil: Rolling Charge    ||     7
Armor: Scale mail        ||    66
Dodge: Dodged            ||    46
Block: Buckler           ||    26
